 Dungeon Crawl Stone Soup version 0.29.0-4-gdea44cf6ec (webtiles) character file.

Game seed: 63710778617196111

15 qw the Chopper (level 2, -1/17 HPs)
             Began as a Tengu Warper on Aug 28, 2022.
             Slain by a gnoll
             ... wielding a +0 spear
              (4 damage)
             ... on level 1 of the Dungeon.
             The game lasted 00:00:03 (599 turns).

qw the Chopper (Tengu Warper)                        Turns: 599, Time: 00:00:04

Health: -1/17      AC:  8    Str: 11    XL:     2   Next: 50%
Magic:  6/6        EV:  5    Int: 13    God:
Gold:   99         SH:  0    Dex: 13    Spells: 5/5 levels left

rFire   . . .      SeeInvis .   a - +0 hand axe
rCold   . . .      Faith    .   (no shield)
rNeg    . . .      Spirit   .   e - +0 chain mail
rPois   .          Reflect  .   (helmet restricted)
rElec   .          Harm     .   (no cloak)
rCorr   .          Rampage  .   (no gloves)
Will    .....                   (boots unavailable)
Stlth   ..........              (no amulet)
HPRegen 0.05/turn               (no ring)
MPRegen 0.10/turn               (no ring)

@: no status effects
A: beak, talons 3
a: no special abilities


You were on level 1 of the Dungeon.
You visited 1 branch of the dungeon, and saw 2 of its levels.

You collected 99 gold pieces.


Innate Abilities, Weirdness & Mutations

You have a beak for a mouth.
You have claws for feet.


   Skills:
 - Level 2.0 Fighting
 + Level 3.3 Axes
 - Level 1.0 Throwing
 - Level 1.1 Armour
 - Level 2.1 Dodging
 - Level 2.0 Spellcasting
 - Level 2.4 Translocations


You had 5 spell levels left.
You didn't know any spells.
Your spell library contained the following spells:

 Spells                   Type           Power      Damage    Failure   Level
 Blink                    Tloc           14%        N/A       100%        2
 Gell's Gravitas          Tloc           7%         N/A       100%        3
 Lesser Beckoning         Tloc           7%         N/A       100%        3
 Teleport Other           Tloc           7%         N/A       100%        3
 Manifold Assault         Tloc           7%         N/A       100%        5

Inventory:

Hand Weapons
 a - a +0 hand axe (weapon)
 c - a +0 club
Armour
 b - a +0 pair of gloves
 e - a +0 chain mail (worn)
Potions
 d - a potion of magic {unknown}
 f - a potion of lignification {unknown}

Dungeon Overview and Level Annotations

Branches:
Dungeon (2/15)

Altars:


Message History

You start resting.
HP restored.
A ball python comes into view.
You hit the ball python.
You kill the ball python!
You see here a ball python corpse.
You open the door.
There is an open door here.
You open the door.
There is an open door here.
As you open the door, it creaks loudly!
There is an open door here.
You open the door.
There is an open door here.
A gnoll comes into view. It is wielding a +0 spear.
The gnoll shouts!
Enter note:
Enter note:
593 ||| Stepping ~*~*~tactically~*~*~ (hiding).
An endoplasm comes into view.
The endoplasm quivers.
The endoplasm moves out of view.
The gnoll hits you from afar with a +0 spear.
The gnoll hits you with a +0 spear.
The endoplasm hits you but does no damage.
You completely miss the gnoll. Your kick misses the gnoll.
You hit the endoplasm but do no damage. The gnoll barely misses you.
The endoplasm freezes you.
You are frozen.
You hit the gnoll. You claw the gnoll, but do no damage.
The gnoll is moderately wounded.
You barely miss the endoplasm. The gnoll hits you with a +0 spear.
The endoplasm hits you but does no damage.
You closely miss the gnoll.
The gnoll is moderately wounded.
You hit the endoplasm. The gnoll hits you with a +0 spear.
You die...

#.....'...'....#.#.#.......#####
#..#.##...####.#...........#....
#..#.##...####.#.####......#....
#..#.>.......#.#.####......#....
#..#(......................'....
####...#####.#.#.#........##....
...... .#.#..........+.....
##..########............###'##
#..# ......g@..........'....#
#..# ......J###........###..#
#..# ....... ####'#'### #..#
....... #.#.# #..# .......
#.#.#####..# #######
#.#........# #.########.#
#........... ##########.#


You could see a gnoll and an endoplasm.

Vanquished Creatures
  A bat (D:1)
  3 endoplasms
  2 goblins
  A hobgoblin (D:1)
  3 ball pythons (D:1)
  A kobold (D:1)
  3 rats
14 creatures vanquished.

Notes
Turn   | Place    | Note
-------+----------+-------------------------------------------
     0 | D:1      | qw the Tengu Warper began the quest for the Orb.
     0 | D:1      | Reached XP level 1. HP: 12/12 MP: 4/4
     0 | D:1      | 0 ||| qw: Version: 0.1-a-89-g26bdef1
     0 | D:1      | 0 ||| qw: Game counter: 3274
     0 | D:1      | 0 ||| qw: Always use a shield: true
     0 | D:1      | 0 ||| qw: God list: Okawaru
     0 | D:1      | 0 ||| qw: Allow faded altars: false
     0 | D:1      | 0 ||| qw: Do Orc after D:15 true
     0 | D:1      | 0 ||| qw: Do second Lair branch before Depths: true
     0 | D:1      | 0 ||| qw: Lair rune preference: random
     0 | D:1      | 0 ||| qw: Plans: Normal
     0 | D:1      | 0 ||| PLANNING D:1-11
    13 | D:1      | 13 ||| Stepping ~*~*~tactically~*~*~ (stealth).
   147 | D:1      | You fall into a shaft and drop 1 floor!
   253 | D:2      | 253 ||| Stepping ~*~*~tactically~*~*~ (stealth).
   255 | D:2      | 255 ||| Stepping ~*~*~tactically~*~*~ (stealth).
   258 | D:2      | 258 ||| Stepping ~*~*~tactically~*~*~ (stealth).
   261 | D:2      | Reached skill level 3 in Axes
   261 | D:2      | Reached XP level 2. HP: 17/17 MP: 6/6
   270 | D:2      | 270 ||| Stepping ~*~*~tactically~*~*~ (stealth).
   279 | D:2      | 279 ||| Stepping ~*~*~tactically~*~*~ (stealth).
   281 | D:2      | 281 ||| Stepping ~*~*~tactically~*~*~ (stealth).
   282 | D:2      | 282 ||| Stepping ~*~*~tactically~*~*~ (stealth).
   283 | D:2      | 283 ||| Stepping ~*~*~tactically~*~*~ (stealth).
   284 | D:2      | 284 ||| Stepping ~*~*~tactically~*~*~ (stealth).
   286 | D:2      | 286 ||| Stepping ~*~*~tactically~*~*~ (stealth).
   294 | D:2      | 294 ||| UPGRADING to +0 chain mail.
   304 | D:2      | 304 ||| DROPPING +0 leather armour.
   305 | D:2      | 305 ||| DROPPING scroll of blinking.
   593 | D:1      | 593 ||| Stepping ~*~*~tactically~*~*~ (hiding).
   598 | D:1      | HP: 3/17 [gnoll/+0 spear (4)]
   599 | D:1      | Slain by a gnoll

Levels and vault maps discovered:
D:1:      minmay_arrival_solitary_statue, layout_basic
D:2:      layout_loops_ring, basic_altar, dk_noncrumbling_4

Skill      XL: |  1 |
---------------+----+-----
Axes           | 3 |  3.3
Fighting       | |  2.0
Throwing       | |  1.0
Armour         | |  1.1
Dodging        | |  2.1
Spellcasting   | |  2.0
Translocations | |  2.4

Action                   || total
-------------------------++-------
Melee: Hand axe          ||    26
       Peck              ||     2
       Kick              ||     6
Throw: Boomerang         ||     7
Armor: Leather armour    ||     3
       Chain mail        ||     4
Dodge: Dodged            ||     9

Table legend:
 A = Non-vault XP
 B = Vault XP
 C = Vault XP percentage of total XP
 D = Non-vault monster count
 E = Vault monster count
 F = Vault count percentage of total count
                 A         B        C        D         E       F
            +---------+---------+-------+---------+---------+-------
      Total |      22 |       0 |   0.0 |      14 |       0 |   0.0
            +---------+---------+-------+---------+---------+-------
        D:1 |      14 |       0 |   0.0 |       9 |       0 |   0.0
        D:2 |       8 |       0 |   0.0 |       5 |       0 |   0.0
            +---------+---------+-------+---------+---------+-------
